 Dungeon Crawl Stone Soup version 0.30-a0-358-g0d69a1922f (webtiles) character file.

Game seed: 2490873290102110577

5105 LutherGrant the Cleaver (level 10, -6/88 HPs)
             Began as a Hill Orc Fighter on Nov 8, 2022.
             Was a Follower of Beogh.
             Mangled by a two-headed ogre
             ... wielding a +0 giant spiked club
              (17 damage)
             ... on level 10 of the Dungeon.
             The game lasted 00:15:17 (9221 turns).

LutherGrant the Cleaver (Hill Orc Fighter)          Turns: 9221, Time: 00:15:17

Health: -6/88      AC: 14    Str: 24    XL:     10   Next: 57%
Magic:  0/10       EV:  8    Int:  8    God:    Beogh [*.....]
Gold:   817        SH:  7    Dex: 16    Spells: 9/9 levels left

rFire   + . .      SeeInvis .    w - +1 war axe (flame)
rCold   . . .      Faith    .    c - +0 buckler
rNeg    . . .      Spirit   +    d - +2 chain mail
rPois   +          Reflect  .    (no helmet)
rElec   .          Harm     .    (no cloak)
rCorr   .          Rampage  .    (no gloves)
Will    .....                    (no boots)
Stlth   ..........               u - amulet of guardian spirit
HPRegen 0.34/turn                l - +6 ring of dexterity
MPRegen 0.12/turn                (no ring)

@: no status effects
A: iridescent scales 1, fire resistance 1, poison resistance
a: Renounce Religion


You were on level 10 of the Dungeon.
You worshipped Beogh.
Beogh was aware of your devotion.
You visited 1 branch of the dungeon, and saw 10 of its levels.

You collected 817 gold pieces.

Inventory:

Hand Weapons
 a - a +0 war axe
 i - a +4 scimitar of freezing
 v - a +0 battleaxe
 w - a +1 war axe of flaming (weapon)
Armour
 b - a +1 scale mail
 c - a +0 buckler (worn)
 d - a +2 chain mail (worn)
 x - +0 swamp dragon scales
Jewellery
 l - a +6 ring of dexterity (left hand)
 u - an amulet of guardian spirit (around neck)
Wands
 n - a wand of roots (40)
 p - a wand of charming (21)
Scrolls
 f - 4 scrolls of blinking
 h - 5 scrolls of teleportation
 j - 3 scrolls of vulnerability
 k - 2 scrolls of identify
 m - a scroll of fear
 o - 4 scrolls of amnesia
 q - a scroll of poison
Potions
 e - 4 potions of curing
 g - a potion of brilliance
 s - a potion of haste
 t - 5 potions of mutation


   Skills:
 + Level 7.9 Fighting
 * Level 11.1 Axes
 + Level 7.1 Armour
 * Level 9.6 Shields
 + Level 6.1 Unarmed Combat


You had 9 spell levels left.
You didn't know any spells.
Your spell library contained the following spells:

 Spells                   Type           Power      Damage    Failure   Level
 Shock                    Conj/Air       0%         1d3       97%         1
 Gell's Gravitas          Tloc           0%         N/A       100%        3
 Lesser Beckoning         Tloc           0%         N/A       100%        3
 Swiftness                Air            0%         N/A       100%        3
 Teleport Other           Tloc           0%         N/A       100%        3
 Airstrike                Air            0%         2d(0-16)  100%        4
 Blade Hands              Tmut           0%         N/A       100%        5
 Irradiate                Conj/Tmut      0%         3d11      100%        5
 Dragon Form              Tmut           0%         N/A       100%        7


Dungeon Overview and Level Annotations

Branches:
Dungeon (10/15)            Temple (0/1) D:4
   Lair: D:8-11         Orc: D:9-12

Altars:
Ashenzari
Cheibriados
Dithmenos
Elyvilon
Fedhas
Gozag
Okawaru
Sif Muna
Uskayaw
Xom
Zin
The Shining One

Shops:
D:3 (   D:4 (


Innate Abilities, Weirdness & Mutations

You are partially covered in iridescent scales. (AC +2)
Your flesh is heat resistant. (rF+)
Your system is resistant to poisons. (rPois)


Message History

The orc priest looks braver for a moment.
You hit the orc priest. You burn the orc priest.
You kill the orc priest!
Beogh accepts your kill.
Beogh appreciates your killing of a heretic priest.
Things that are here:
a +0 whip; a +0 ring mail; an orc corpse A two-headed ogre comes into view.
It is wielding a +0 giant spiked club and a +0 giant club.
The two-headed ogre shouts in stereo!
A two-headed ogre is nearby!
Okay, then.
The two-headed ogre hits you with a +0 giant spiked club!!
The two-headed ogre barely misses you.
You slash the two-headed ogre! You burn the two-headed ogre.
The two-headed ogre is moderately wounded.
You block the two-headed ogre's attack. x2
You barely miss the two-headed ogre.
The two-headed ogre is moderately wounded.
You barely miss the two-headed ogre.
The two-headed ogre is moderately wounded.
The two-headed ogre hits you with a +0 giant spiked club!!
The two-headed ogre barely misses you.
You barely miss the two-headed ogre.
The two-headed ogre is moderately wounded.
The two-headed ogre hits you but does no damage.
The two-headed ogre hits you with a +0 giant club!
You hit the two-headed ogre but do no damage.
The two-headed ogre is moderately wounded.
You slash the two-headed ogre! You burn the two-headed ogre.
The two-headed ogre is heavily wounded.
The two-headed ogre hits you with a +0 giant spiked club!
The two-headed ogre hits you with a +0 giant club!
* * * LOW HITPOINT WARNING * * *
You hit the two-headed ogre. You burn the two-headed ogre.
The two-headed ogre is severely wounded.
The two-headed ogre attacks as you move away!
The two-headed ogre hits you with a +0 giant spiked club!
* * * LOW HITPOINT WARNING * * *
The two-headed ogre hits you with a +0 giant club!!
You die...

############
...........#
........!..#
...........#####
.......O........
.......@.......
.........##'####
.........'......
.........#.....
.........###...
...........# ..
########...###..
#.....#'#
#........


You could see a two-headed ogre.

Vanquished Creatures
  An ugly thing (D:9)
  Joseph (D:9)
  Maurice (D:9)
  Maggie (D:9)
  Psyche (D:9)
  A hornet (D:8)
  A water moccasin (D:7)
  3 acid dragons
  2 sky beasts (D:7)
  3 orc warriors
  3 ice beasts
  3 ogres
  3 phantoms
  A centaur (D:6)
  2 kobold brigands
  2 bullfrogs (D:6)
  A scorpion (D:7)
  A necrophage (D:7)
  A gnoll sergeant (D:10)
  4 wights (D:7)
  4 killer bees (D:9)
  2 howler monkeys
  3 hounds
  3 jellies
  2 orc priests
  2 iguanas
  3 orc wizards
  Natasha (thrice) (D:4)
  9 gnolls
  5 adders
  2 ufetubi
  A worm (D:3)
  2 dart slugs
  25 orcs
  4 ball pythons
  2 bats
  6 endoplasms
  3 giant cockroaches
  11 goblins
  10 hobgoblins
  18 kobolds
  2 quokkas
  7 frilled lizards
  7 rats
172 creatures vanquished.

Vanquished Creatures (others)
  A killer bee (D:9)
  An orc priest (D:6)
  An adder (D:6)
3 creatures vanquished.

Grand Total: 175 creatures vanquished

Notes
Turn   | Place    | Note
-------+----------+-------------------------------------------
     0 | D:1      | LutherGrant the Hill Orc Fighter began the quest for the
                  | Orb.
     0 | D:1      | Reached XP level 1. HP: 19/19 MP: 1/1
    70 | D:1      | Reached XP level 2. HP: 22/27 MP: 2/2
   119 | D:1      | Reached skill level 3 in Axes
   220 | D:1      | Found a faded altar of an unknown god.
   801 | D:1      | Reached XP level 3. HP: 33/33 MP: 3/3
  1046 | D:2      | Found a broken altar of Ashenzari.
  1091 | D:2      | Reached skill level 1 in Unarmed Combat
  1710 | D:3      | Reached XP level 4. HP: 34/40 MP: 4/4
  1852 | D:3      | Found Xixeum's Antique Weapon Shop.
  1920 | D:3      | Reached skill level 4 in Axes
  2004 | D:3      | Found a glowing golden altar of the Shining One.
  2004 | D:3      | Found a white marble altar of Elyvilon.
  2005 | D:3      | Found a glowing silver altar of Zin.
  2215 | D:3      | Gained mutation: Your flesh is heat resistant. (rF+)
                  | [potion of mutation]
  2215 | D:3      | Gained mutation: You are partially covered in iridescent
                  | scales. (AC +2) [potion of mutation]
  2215 | D:3      | Gained mutation: Your system is resistant to poisons.
                  | (rPois) [potion of mutation]
  2396 | D:4      | Noticed Natasha
  2405 | D:4      | Killed Natasha
  2406 | D:4      | Reached XP level 5. HP: 30/46 MP: 5/5
  2479 | D:4      | Found a staircase to the Ecumenical Temple.
  2598 | D:4      | Found Umurus's Weapon Shoppe.
  2599 | D:4      | Noticed Natasha
  2607 | D:4      | Killed Natasha
  2721 | D:4      | Noticed Natasha
  2737 | D:4      | Killed Natasha
  2860 | D:4      | Reached XP level 6. HP: 53/53 MP: 6/6
  3005 | D:5      | Entered Level 5 of the Dungeon
  3025 | D:5      | Reached skill level 5 in Axes
  3025 | D:5      | Reached skill level 5 in Shields
  3346 | D:5      | Noticed an ice beast
  3355 | D:5      | Killed an ice beast
  3356 | D:5      | Reached XP level 7. HP: 44/60 MP: 7/7
  3432 | D:5      | Reached skill level 5 in Fighting
  3432 | D:5      | Reached skill level 6 in Axes
  4547 | D:6      | Became a worshipper of Beogh the Brigand
  4627 | D:6      | Reached XP level 8. HP: 54/68 MP: 8/8
  4844 | D:6      | Reached skill level 5 in Armour
  4868 | D:6      | Reached skill level 7 in Axes
  5286 | D:6      | Found a shimmering altar of Xom.
  5290 | D:6      | Found a shadowy altar of Dithmenos.
  5290 | D:6      | Found an iron altar of Okawaru.
  5298 | D:6      | Found a blossoming altar of Fedhas.
  5301 | D:6      | Found an opulent altar of Gozag.
  5524 | D:7      | Reached skill level 8 in Axes
  5544 | D:7      | Reached XP level 9. HP: 21/72 MP: 9/9
  6217 | D:7      | Reached * piety under Beogh
  6323 | D:7      | Found a shimmering blue altar of Sif Muna.
  6691 | D:7      | Reached skill level 9 in Axes
  7081 | D:8      | Noticed a hornet
  7096 | D:8      | Paralysed by a hornet for 3 turns
  7102 | D:8      | Killed a hornet
  7103 | D:8      | Reached skill level 5 in Unarmed Combat
  7803 | D:9      | Noticed Joseph
  7819 | D:9      | Killed Joseph
  7934 | D:9      | Noticed Maggie
  7954 | D:9      | Killed Maggie
  7955 | D:9      | Reached skill level 10 in Axes
  7955 | D:9      | Reached XP level 10. HP: 60/86 MP: 10/10
  8458 | D:9      | Noticed Maurice
  8500 | D:9      | Killed Maurice
  8523 | D:9      | Noticed a purple ugly thing
  8540 | D:9      | Killed a purple ugly thing
  8662 | D:9      | Found a hide-covered altar of Uskayaw.
  8688 | D:9      | Found a snail-covered altar of Cheibriados.
  8742 | D:9      | Noticed Psyche
  8753 | D:9      | Killed Psyche
  8813 | D:9      | Found a broken altar of Ashenzari.
  8958 | D:10     | Entered Level 10 of the Dungeon
  9068 | D:10     | Reached skill level 11 in Axes
  9210 | D:10     | Noticed a two-headed ogre
  9221 | D:10     | Mangled by a two-headed ogre

Illustrated notes

Levels and vault maps discovered:
D:1:      reono_arrival_mine, layout_basic, chequers_ecumenical_altar_island
D:2:      layout_loops_ring, basic_altar, grunt_ministairs_11
D:3:      layout_rooms, good_gods_temple_1, serial_shops,
          nicolae_lakefront_shop, minmay_box_of_dots
D:4:      layout_rooms, minmay_temple_entry_arrows, serial_shops,
          kennysheep_mini, chequers_garden, uniq_natasha
D:5:      layout_layer_cave, minmay_tree_intersection
D:6:      layout_basic, minmay_overflow_temple_star_hex, serial_curves,
          eino_curves_01, eino_curves_02, eino_curves_03
D:7:      minmay_inner_zag, layout_loops_ring, led_sif_pool
D:8:      layout_loops_ring, serial_co_window_serial, co_window_paths_b,
          co_window_corner_a, co_window_paths_a, co_window_of_opportunity_a,
          co_window_paths_a, co_window_broadway_b, co_window_corner_b,
          co_window_of_opportunity_b, glass_columns_b, glass_columns_a
D:9:      layout_gridville, kennysheep_slug_shrine, kennysheep_little_box,
          amcnicky_altar_gilded, eino_small_chamber_without_monster,
          uniq_joseph, uniq_psyche, uniq_maurice, uniq_maggie
D:10:     layout_irregular_city

Skill      XL: |  1  2  3  4  5  6  7  8  9 10 |
---------------+-------------------------------+-----
Axes           | 3 4 5 6 8 10 11 | 11.1
Unarmed Combat | 1 2 3 4 5 6 |  6.1
Shields        | 4 5 6 7 8 9 |  9.6
Fighting       | 4 5 6 7 |  7.9
Armour         | 4 5 6 7 |  7.1

Action                   |  1- 3 |  4- 6 |  7- 9 | 10-12 || total
-------------------------+-------+-------+-------+-------++-------
Melee: War axe           |   100 |   150 |   348 |    90 ||   688
Invok: Convert to Beogh  |       |       |     1 |       ||     1
Evoke: Wand              |       |       |     1 |       ||     1
  Use: Potion            |       |     8 |     8 |     2 ||    18
       Scroll            |       |     7 |     6 |     2 ||    15
Armor: Scale mail        |    40 |    66 |    44 |       ||   150
       Chain mail        |       |       |   127 |    29 ||   156
       Skin              |       |       |       |    17 ||    17
Dodge: Dodged            |    41 |    74 |   150 |    21 ||   286
Block: Buckler           |    27 |    31 |    73 |    24 ||   155

Table legend: (Time is in decaauts)
 A = Elapsed time spent in this place.
 B = Non-inter-level travel time spent in this place.
 C = Inter-level travel time spent in this place.
 D = Time resting spent in this place.
 E = Time spent auto-exploring this place.
 F = Levels seen in this place.
 G = Mean time per level.
                   A        B        C        D        E       F      G
               +--------+--------+--------+--------+--------+-----+--------+
         Total |   9362 |   9020 |    342 |    516 |   6973 |  10 |  936.2 |
       Dungeon |   9362 |   9020 |    342 |    516 |   6973 |  10 |  936.2 |
               +--------+--------+--------+--------+--------+-----+--------+

Top non-repeatable levels by time:
     D:5: 1561 daAuts
     D:7: 1357 daAuts
     D:9: 1166 daAuts
     D:8: 1066 daAuts
     D:1: 904 daAuts
     D:6: 859 daAuts
     D:2: 842 daAuts
     D:4: 762 daAuts
     D:3: 579 daAuts
    D:10: 262 daAuts
